 Dungeon Crawl Stone Soup version 0.30.1-4-g462c640d31 (webtiles) character file.

Game seed: 10070744615653978500

96 Ivernyr the Ducker (level 4, 0/31 HPs)
             Began as a Djinni Fire Elementalist on Sept 15, 2023.
             Slain by a gnoll
             ... wielding a +0 club
              (6 damage)
             ... on level 2 of the Dungeon.
             The game lasted 00:06:14 (1418 turns).

Ivernyr the Ducker (Djinni Fire Elementalist)       Turns: 1418, Time: 00:06:14

Health: 0/31       AC:  2    Str:  7    XL:     4   Next: 98%
Gold:   103        EV: 13    Int: 18    God:
                   SH:  0    Dex: 14

rFire   + + .        e - +0 dagger (venom)
rCold   x . .        (no shield)
rNeg    . . .        a - +0 robe
rPois   ∞            (no helmet)
rElec   .            (no cloak)
rCorr   .            (no gloves)
SInv    .            (boots unavailable)
Will    .....        (no amulet)
Stlth   ++           (no ring)
HPRegen 0.25/turn    (no ring)
MPRegen 0.00/turn

%: infuse magic (-1 HP)
@: flying, very slightly contaminated
A: sickness immunity, fire resistance 2, cold vulnerability 1, float, innate
caster, HP casting, extra vitality 1
a: no special abilities


You were on level 2 of the Dungeon.
You visited 1 branch of the dungeon, and saw 2 of its levels.

You collected 103 gold pieces.

Inventory:

Hand Weapons
 e - a +0 dagger of venom (weapon)
Armour
 a - a +0 robe (worn)
Jewellery
 d - a ring of protection from cold
Scrolls
 b - 5 scrolls of identify {unknown}
 c - a scroll of teleportation {unknown}
 g - a scroll of vulnerability {unknown}
Potions
 f - 2 potions of heal wounds {unknown}
 h - a potion of might {unknown}


   Skills:
 + Level 3.4 Dodging
 + Level 2.7 Stealth
 + Level 3.0 Spellcasting


You knew the following spells:

 Your Spells              Type           Power      Damage    Failure   Level
a - Foxfire               Conj/Fire      52%        2x1d6     4%          1
b - Scorch                Fire           26%        2d6       7%          2
c - Volatile Blastmotes   Fire/Tloc      26%        2d12      14%         3
d - Inner Flame           Hex/Fire       13%        N/A       14%         3
e - Flame Wave            Conj/Fire      13%        2d6       41%         4
f - Sting                 Tmut/Pois      52%        1d5       4%          1
Your spell library was empty.

Dungeon Overview and Level Annotations

Branches:
Dungeon (2/15)

Altars:


Innate Abilities, Weirdness & Mutations

You are immune to sickness and miasma.
You are immune to poison.
Your flesh is very heat resistant. (rF++)
You are vulnerable to cold. (rC-)
You float through the air rather than walking.
You learn spells naturally, not from books.
Your magical power is your life essence.
You have superior vitality. (+4 MHP)


Message History

Unknown command.
Your foxfire dissipates!
Things that are here:
a +0 whip; a gnoll corpse A gnoll comes into view.
It is wielding a +0 club.
A gnoll comes into view. It is wielding a +0 spear.
Found a brown potion.
Casting: Foxfire (safe; 4% risk of failure)
Confirm with . or Enter, or press ? or * to list all spells.
You conjure some foxfire!
The gnoll shouts!
The gnoll hits you from afar with a +0 spear!
Your foxfire dissipates!
The foxfire hits the gnoll.
The gnoll is moderately wounded.
Casting: Foxfire (safe; 4% risk of failure)
Confirm with . or Enter, or press ? or * to list all spells.
You conjure some foxfire!
The foxfire hits the gnoll.
The gnoll is moderately wounded.
The gnoll hits you from afar with a +0 spear!
* * * LOW HITPOINT WARNING * * *
Unknown command.
The foxfire hits the gnoll.
The gnoll is heavily wounded.
You see here an adder corpse.
Things that are here:
a frilled lizard corpse; an adder corpse; a bat corpse The gnoll attacks as you move away!
The gnoll hits you with a +0 club.
* * * LOW HITPOINT WARNING * * *
The gnoll attacks as you move away! The gnoll closely misses you.
Casting: Foxfire (safe; 4% risk of failure)
Confirm with . or Enter, or press ? or * to list all spells.
You miscast Scorch.
You are very lightly contaminated with residual magic.
Nothing appears to happen.
* * * LOW HITPOINT WARNING * * *
The gnoll hits you with a +0 club.
* * * LOW HITPOINT WARNING * * *
The gnoll attacks as you move away! The gnoll hits you with a +0 club.
You die...

##.#################
...##..............#
..#...............#
..#....##....#....#
####.###.#.#.#.##..#.#
####....###......#......#
###.......#g@.#.....##..#.#
##..†......g.#..#..#..#....#
##......†...###...#.._).#?+.#
#..####†###.# #.#........#..#
##..##...# #.#
#...:....#....# #...#....#
#.# #.......†...#.#
#...#....#
#.###...#...#.....#
#.....)..#
..#.[.#)...##...#.#
#....######
..##.......†......#


You could see 2 gnolls.

Vanquished Creatures
  A gnoll (D:2)
  4 adders (D:2)
  7 endoplasms
  3 giant cockroaches
  6 goblins
  5 hobgoblins
  4 quokkas
  3 ball pythons (D:1)
  8 bats
  2 frilled lizards (D:2)
  2 kobolds
  4 rats
49 creatures vanquished.

Vanquished Creatures (others)
  129 foxfires
129 creatures vanquished.

Grand Total: 178 creatures vanquished

Notes
Turn   | Place    | Note
-------+----------+-------------------------------------------
     0 | D:1      | Ivernyr the Djinni Fire Elementalist began the quest for
                  | the Orb.
     0 | D:1      | Ivernyr set off with the following spells memorised:
                  | Foxfire, Scorch, Volatile Blastmotes, Inner Flame, Flame
                  | Wave.
     0 | D:1      | Reached XP level 1. HP: 15/15 MP: 0/0
   101 | D:1      | Reached XP level 2. HP: 19/21 MP: 0/0
   651 | D:1      | Reached XP level 3. HP: 17/25 MP: 0/0
   651 | D:1      | Learned a level 1 spell: Sting
  1186 | D:2      | Found a faded altar of an unknown god.
  1209 | D:2      | Reached XP level 4. HP: 28/31 MP: 0/0
  1418 | D:2      | Slain by a gnoll

Illustrated notes

Levels and vault maps discovered:
D:1:      dpeg_arrival_subterranean_lakeside_camping, layout_basic, minivault_4,
          st_stairs_5
D:2:      minmay_recursive_quarters, layout_loops_ring,
          hellmonk_ecumenical_altar_blasted, serial_park_tiny_2

Skill      XL: |  1  2  3  4 |
---------------+-------------+-----
Stealth        | 2 |  2.7
Dodging        | 3 |  3.4
Spellcasting   | 3 |  3.0

Action                     |  1- 3 |  4- 6 || total
---------------------------+-------+-------++-------
  Melee: Unarmed           |     6 |       ||     6
   Cast: Foxfire           |    64 |    29 ||    93
         Scorch            |     2 |       ||     2
 Armour: Robe              |     3 |     4 ||     7
  Dodge: Dodged            |    13 |    12 ||    25
